 Dungeon Crawl Stone Soup version 0.23-a0-358-g98c7a59 (webtiles) character file.

2095 MisterFreud the Gouger (level 9, 0/35 HPs)
             Began as a Felid Artificer on Oct 22, 2018.
             Was an Elder of Cheibriados.
             Slain by a wraith (11 damage)
             ... on level 8 of the Dungeon.
             The game lasted 00:26:25 (9736 turns).

MisterFreud the Gouger (Felid Artificer)            Turns: 9736, Time: 00:26:26

Health: 0/35       AC:  2    Str: 18    XL:     9   Next: 7%
Magic:  14/14      EV: 27    Int: 27    God:    Cheibriados [****..]
Gold:   168        SH:  0    Dex: 25    Spells: 4/8 levels left
                                        Lives:  0   Deaths: 2

rFire    . . .     SeeInvis +     - Unarmed
rCold    . . .     Gourm    .   (shield unavailable)
rNeg     . . .     Faith    .   (armour unavailable)
rPois    .         Spirit   .   (helmet unavailable)
rElec    .         Reflect  .   (cloak unavailable)
rCorr    .         Harm     .   (gloves unavailable)
MR       +....                  (boots unavailable)
Stlth    +++++.....             (no amulet)
HPRegen  0.11/turn              f - ring of wizardry
MPRegen  0.14/turn              t - +3 ring of intelligence

@: slowed, very slow
A: very small, no armour, no weapons or thrown items, stealth, claws 1, fangs 3,
see invisible, carnivore, speed 1, shaggy fur 2, slow metabolism 1, sharp paws
a: Bend Time, Temporal Distortion, Slouch, Renounce Religion


You were on level 8 of the Dungeon.
You worshipped Cheibriados.
Cheibriados was greatly pleased with you.
You were not hungry.

You visited 1 branch of the dungeon, and saw 9 of its levels.

You collected 562 gold pieces.
You spent 394 gold pieces at shops.

Inventory:

Jewellery
 f - a ring of wizardry (left paw)
 q - an uncursed amulet of magic regeneration
 s - an uncursed amulet of guardian spirit
 t - a +3 ring of intelligence (right paw)
Wands
 b - a wand of enslavement (6)
 j - a wand of disintegration (10)
Scrolls
 g - 3 scrolls of amnesia {unknown}
 m - 7 scrolls of remove curse
 n - 5 scrolls of teleportation {unknown}
 p - 5 scrolls of enchant armour {unknown}
 r - a scroll of noise {unknown}
 w - 2 scrolls of immolation {unknown}
Potions
 a - a potion of brilliance
 c - a potion of mutation
 e - a potion of heal wounds
 h - 2 potions of curing
 i - 4 potions of flight
 k - 3 potions of resistance
 l - a potion of magic
 o - a potion of agility
 u - a potion of lignification
 v - a potion of haste {unknown}
Comestibles
 d - 19 rations


   Skills:
 - Level 1.0 Fighting
 - Level 8.5 Dodging
 + Level 9.8 Stealth
 * Level 9.9 Unarmed Combat
 + Level 1.3 Transmutations
 + Level 6.6 Invocations
 - Level 3.2 Evocations


You had 4 spell levels left.
You knew the following spells:

 Your Spells              Type           Power        Failure   Level  Hunger
a - Ice Form              Ice/Tmut       #.......     32%         4    #####..

Your spell library contained the following spells:

 Spells                   Type           Power        Failure   Level  Hunger
 Beastly Appendage        Tmut           #.....       2%          1    ##.....
 Animate Skeleton         Necr           N/A          4%          1    ##.....
 Magic Dart               Conj           #...         4%          1    ##.....
 Pain                     Necr           #...         4%          1    ##.....
 Sticks to Snakes         Tmut           #.......     4%          2    ###....
 Searing Ray              Conj           #.....       8%          2    ###....
 Spider Form              Tmut/Pois      #.........   11%         3    ####...
 Dazzling Spray           Conj/Hex       #.....       14%         3    ####...
 Regeneration             Chrm/Necr      #.........   14%         3    ####...
 Vampiric Draining        Necr           #.........   14%         3    ####...
 Animate Dead             Necr           N/A          41%         4    #####..
 Force Lance              Conj/Tloc      #.......     41%         4    #####..
 Fulminant Prism          Conj/Hex       #.........   41%         4    #####..
 Iskenderun's Mystic Bla  Conj           #.......     41%         4    #####..
 Blade Hands              Tmut           #.........   56%         5    ######.


Dungeon Overview and Level Annotations

Branches:
Dungeon (9/15)             Temple (0/1) D:5            Lair (0/6) D:8
    Orc: D:9-12

Altars:
Cheibriados
Elyvilon
Gozag
Kikubaaqudgha
Trog
Vehumet
Yredelemnul

Shops:
D:4 [:   D:5 !   D:6 *


Innate Abilities, Weirdness & Mutations

You cannot wear armour.
You are incapable of wielding weapons or throwing items.
Your paws allow you to move quietly. (Stealth)
You have sharp claws.
You have razor-sharp teeth.
You have supernaturally acute eyesight. (SInv)
You are carnivorous and can eat meat at any time.
You cover ground quickly.
You are covered in thick fur. (AC +2)
You have a slow metabolism.
Your sharp claws are effective at attacking unaware monsters.


Message History

The wraith hits you.
You scratch the wraith but do no damage.
You bite the wraith.
The wraith is severely damaged.
You claw the wraith! You bite the wraith, but do no damage.
The wraith is almost destroyed.
The wraith misses you.
You barely miss the wraith. Your bite misses the wraith.
The wraith is almost destroyed.
The wraith hits you.
* * * LOW HITPOINT WARNING * * *
The wraith drains your vigour!
You feel yourself slow down.
You scratch the wraith but do no damage.
You claw the wraith, but do no damage.
The wraith is almost destroyed.
The wraith barely misses you.
You scratch the wraith but do no damage.
The wraith is almost destroyed.
The wraith hits you!
You die...

##..(..#####.##.######### ##
#......####..##.# ###.
#......##...###.# #######...
#..######.### #.# ##.......##
#..### #.# #.# ##.......##
.....####)# #.# #>....>...#
.###......# ##############...#
.#######..## #W#.#.#_#.##8...#
...........# #+#@#)#'#'#'###...#
...#######)###...........))....#
...# #...#+#'#'#'#'#'###$.###
...# ##...# #.#.#.#.#.##8..<.#
..## #....###############....#
..# #........................
..# #.......รท..............##
### #.........[..............
#........................


You could see a wraith.

Vanquished Creatures
  2 trolls (D:9)
  Grum (D:8)
  4 yaks (D:9)
  A hungry ghost (D:8)
  Menkaure (D:6)
  2 black bears
  2 sky beasts
  A necrophage (D:8)
  2 centaurs
  6 ogres
  A phantom (D:5)
  A wolf (D:8)
  5 bullfrogs
  A water moccasin zombie (D:5)
  Dowan (D:6)
  6 killer bees (D:9)
  A howler monkey (D:6)
  2 wights (D:8)
  2 crimson imps (D:7)
  4 human zombies (D:8)
  A quasit (D:7)
  3 centaur zombies
  A jelly (D:5)
  An orc priest (D:8)
  7 hounds
  A gnoll shaman (D:5)
  A bullfrog skeleton (D:8)
  An orc wizard (D:3)
  An iguana (D:7)
  3 worker ants
  An ogre zombie (D:8)
  2 hound zombies
  A hound skeleton (D:8)
  A mummy (D:8)
  A howler monkey zombie (D:6)
  4 gnolls
  2 howler monkey skeletons
  11 adders
  4 shadow imps
  2 worms
  4 dart slugs
  9 leopard geckos
  13 orcs
  6 bats
  10 giant cockroaches
  5 goblins
  2 hobgoblins
  13 jackals
  3 quokkas
  A ball python (D:3)
  3 frilled lizards
  A jackal zombie (D:6)
  11 kobolds
  3 leopard gecko skeletons
  A quokka skeleton (D:5)
  3 rats
183 creatures vanquished.

Vanquished Creatures (collateral kills)
  2 gnolls (D:2)
2 creatures vanquished.

Vanquished Creatures (others)
  Duvessa (D:6)
  An ogre (D:8)
  A wolf (D:8)
  A gnoll (D:2)
  An adder (D:5)
5 creatures vanquished.

Grand Total: 190 creatures vanquished

Notes
Turn   | Place    | Note
-------+----------+-------------------------------------------
     0 | D:1      | MisterFreud the Felid Artificer began the quest for the
                  | Orb.
     0 | D:1      | Reached XP level 1. HP: 9/9 MP: 4/4
   467 | D:1      | Reached XP level 2. HP: 12/12 MP: 5/5
  1363 | D:2      | Reached XP level 3. HP: 9/15 MP: 6/6
  1502 | D:2      | Reached skill level 5 in Stealth
  2134 | D:2      | Reached XP level 4. HP: 19/19 MP: 7/7
  2504 | D:2      | Found a radiant altar of Vehumet.
  2911 | D:3      | Found a snail-covered altar of Cheibriados.
  2967 | D:3      | Became a worshipper of Cheibriados the Contemplative
  3368 | D:3      | Reached XP level 5. HP: 12/22 MP: 8/8
  4346 | D:4      | Found Maimy's Book Shoppe.
  4375 | D:4      | Noticed an ogre
  4504 | D:4      | Found Zaacom's Antique Armour Boutique.
  4732 | D:4      | Found a bloodstained altar of Trog.
  4868 | D:4      | Killed an ogre
  4868 | D:4      | Reached * piety under Cheibriados
  4868 | D:4      | Gained mutation: You are covered in thick fur. (AC +2)
                  | [Felid growth]
  4868 | D:4      | Reached XP level 6. HP: 25/25 MP: 9/9
  4886 | D:5      | Entered Level 5 of the Dungeon
  5151 | D:5      | Found Uceag's Distillery.
  5156 | D:5      | Bought a potion of lignification for 36 gold pieces
  5156 | D:5      | Bought a potion of heal wounds for 60 gold pieces
  5156 | D:5      | Bought a potion of degeneration for 12 gold pieces
  5156 | D:5      | Bought a potion of curing for 36 gold pieces
  5164 | D:5      | Reached skill level 5 in Unarmed Combat
  5220 | D:5      | Reached XP level 7. HP: 12/28 MP: 2/10
  5271 | D:5      | Found a staircase to the Ecumenical Temple.
  5274 | D:5      | Reached skill level 1 in Invocations
  5824 | D:6      | Reached ** piety under Cheibriados
  5824 | D:6      | Reached skill level 5 in Dodging
  5853 | D:6      | Reached XP level 8. HP: 19/32 MP: 6/11
  5855 | D:6      | Noticed Duvessa
  5994 | D:6      | Noticed Dowan
  6000 | D:6      | Killed Duvessa
  6007 | D:6      | Killed Dowan
  6262 | D:6      | Found Oduof's Assorted Antiques.
  6476 | D:6      | Noticed Menkaure
  6484 | D:6      | Killed Menkaure
  6807 | D:7      | Found an ancient bone altar of Kikubaaqudgha.
  7171 | D:7      | Reached XP level 9. HP: 35/35 MP: 13/13
  7175 | D:7      | Reached *** piety under Cheibriados
  7768 | D:8      | Reached skill level 5 in Invocations
  7780 | D:8      | Noticed Grum
  7803 | D:8      | Killed Grum
  8058 | D:8      | Noticed a death yak
  8065 | D:8      | Noticed a death yak
  8068 | D:8      | Found a staircase to the Lair.
  8068 | D:8      | Noticed a death yak
  8230 | D:9      | Noticed a troll
  8236 | D:9      | Killed a troll
  8414 | D:9      | Noticed a troll
  8426 | D:9      | Slain by a troll
  8427 | D:9      | Reached XP level 8. HP: -3/32 MP: 13/13
  8460 | D:9      | Killed a troll
  8460 | D:9      | Reached **** piety under Cheibriados
  8858 | D:9      | Reached XP level 9. HP: 35/35 MP: 14/14
  8863 | D:9      | Found an opulent altar of Gozag.
  8966 | D:9      | Found an opulent altar of Gozag.
  9097 | D:9      | Slain by a yak
  9098 | D:9      | Reached XP level 8. HP: 0/32 MP: 10/13
  9098 | D:9      | Found a white marble altar of Elyvilon.
  9460 | D:4      | Bought a book of Changes for 250 gold pieces
  9465 | D:4      | Learned a level 4 spell: Ice Form
  9674 | D:8      | Reached skill level 1 in Transmutations
  9687 | D:8      | Reached XP level 9. HP: 32/35 MP: 14/14
  9701 | D:8      | Found a basalt altar of Yredelemnul.
  9736 | D:8      | Slain by a wraith

Vault maps used:
D:1:      evilmike_arrival_run_for_it, chequers_hall_statues_wall_a
D:2:      marbit_many_paths, vehumet_crystals, minmay_misc_feat_nine_boxes,
          minmay_hexomino_u4
D:3:      lemuel_round_altar
D:4:      lemuel_crystal_altar, serial_shops, shop, shop
D:5:      temple_green, serial_shops, shop_fountains, gup_sewer_entry_pipe,
          first_ration
D:6:      serial_shops, nicolae_shop_trees, uniq_menkaure, uniq_duvessa
D:7:      overflow_temple_1_default
D:8:      lemuel_mausoleum_altar_yredelemnul, dpeg_lair_monsters, uniq_grum
D:9:      nicolae_gozag_cash_rules_everything_around_me, elyvilon_altar_3,
          basic_altar

Skill      XL: |  1  2  3  4  5  6  7  8  9 |
---------------+----------------------------+-----
Stealth        | 3 4 5 6 9 8 |  9.8
Unarmed Combat | 2 4 6 9 8 |  9.9
Dodging        | 5 8 |  8.5
Invocations    | 3 6 5 |  6.6
Transmutations | 1 |  1.3
Fighting       | |  1.0
Evocations     | |  3.2

Action                   |  1- 3 |  4- 6 |  7- 9 || total
-------------------------+-------+-------+-------++-------
Melee: Unarmed           |   132 |   153 |   386 ||   671
       Bite              |    11 |    16 |    59 ||    86
       Punch             |       |     1 |    23 ||    24
Invok: Slouch            |       |       |     2 ||     2
Evoke: Wand              |     8 |    14 |     5 ||    27
  Use: Scroll            |     6 |       |     5 ||    11
       Potion            |       |     2 |     9 ||    11
 Stab: Sleeping          |     5 |    13 |    26 ||    44
       Distracted        |     1 |     1 |     2 ||     4
  Eat: Chunk             |    10 |     6 |    17 ||    33
Armor: Skin              |    15 |     4 |    43 ||    62
Dodge: Dodged            |   184 |   118 |   310 ||   612

Table legend:
 A = Non-vault XP
 B = Vault XP
 C = Vault XP percentage of total XP
 D = Non-vault monster count
 E = Vault monster count
 F = Vault count percentage of total count
                 A         B        C        D         E       F
            +---------+---------+-------+---------+---------+-------
      Total |    5667 |    1336 |  19.1 |     166 |      22 |  11.7
            +---------+---------+-------+---------+---------+-------
        D:1 |      35 |       5 |  12.5 |      21 |       1 |   4.5
        D:2 |      85 |      15 |  15.0 |      24 |       2 |   7.7
        D:3 |      60 |       0 |   0.0 |       9 |       0 |   0.0
        D:4 |     205 |       0 |   0.0 |      14 |       0 |   0.0
        D:5 |     794 |      10 |   1.2 |      17 |       4 |  19.0
        D:6 |     596 |     393 |  39.7 |      14 |       3 |  17.6
        D:7 |     695 |       0 |   0.0 |      17 |       0 |   0.0
        D:8 |     895 |     913 |  50.5 |      21 |      12 |  36.4
        D:9 |    2302 |       0 |   0.0 |      29 |       0 |   0.0
            +---------+---------+-------+---------+---------+-------
